 Dungeon Crawl Stone Soup version 0.28-a0-1415-g7c84da036a (webtiles) character file.

Game seed: 1193620425720042441

147 bande the Covered (level 5, -4/33 HPs)
             Began as a Gargoyle Fighter on Jan 8, 2022.
             Slain by Blork the orc (8 damage)
             ... on level 4 of the Dungeon.
             The game lasted 00:05:48 (2782 turns).

bande the Covered (Gargoyle Fighter)                Turns: 2782, Time: 00:05:48

Health: -4/33      AC: 11    Str: 20    XL:     5   Next: 29%
Magic:  5/5        EV:  9    Int:  8    God:
Gold:   174        SH:  4    Dex: 11    Spells: 4/4 levels left

rFire   . . .      SeeInvis .   a - +0 war axe
rCold   + . .      Faith    +   c - +0 buckler
rNeg    + . .      Spirit   .   b - +0 scale mail
rPois   ∞          Reflect  .   (no helmet)
rElec   +          Harm     .   (no cloak)
rCorr   .          Rampage  .   (no gloves)
Will    .....                   (no boots)
Stlth   ..........              k - amulet of faith
HPRegen 0.11/turn               e - ring of protection from cold
MPRegen 0.09/turn               (no ring)

@: no status effects
A: sickness immunity, AC +4, negative energy resistance 1, electricity
resistance, torment resistance 1, petrification resistance
a: no special abilities


You were on level 4 of the Dungeon.
You visited 1 branch of the dungeon, and saw 4 of its levels.

You collected 174 gold pieces.

Inventory:

Hand Weapons
 a - a +0 war axe (weapon)
Armour
 b - a +0 scale mail (worn)
 c - a +0 buckler (worn)
Jewellery
 e - a ring of protection from cold (left hand)
 k - an amulet of faith (around neck)
Scrolls
 j - a scroll of fog
 n - a scroll of identify
Potions
 d - a potion of might
 f - 2 potions of heal wounds
 h - 2 potions of curing
 i - a potion of flight {unknown}
 l - 2 potions of attraction {unknown}
 m - a potion of mutation {unknown}


   Skills:
 + Level 4.0 Fighting
 + Level 3.4 Axes
 + Level 4.1 Armour
 + Level 3.8 Shields


You had 4 spell levels left.
You didn't know any spells.
Your spell library contained the following spells:

 Spells                   Type           Power      Damage    Failure   Level
 Animate Skeleton         Necr           0%         N/A       85%         1
 Apportation              Tloc           0%         N/A       85%         1
 Summon Small Mammal      Summ           0%         N/A       85%         1


Dungeon Overview and Level Annotations

Branches:
Dungeon (4/15)
 Temple: D:4-7

Altars:
Sif Muna

Annotations:
D:4 Blork the orc


Innate Abilities, Weirdness & Mutations

You are immune to sickness and miasma.
Your stone body is resilient. (AC +4)
You are immune to poison.
You resist negative energy. (rN+)
You are resistant to electric shocks. (rElec)
You are resistant to unholy torment.
You are immune to petrification.


Message History

You hit the hound skeleton.
You destroy the hound skeleton!
You hit Blork the orc. Blork the orc barely misses you.
You slash Blork the orc!
Blork the orc is heavily wounded.
Blork the orc barely misses you.
Blork the orc hits you but does no damage.
You barely miss Blork the orc.
Blork the orc is heavily wounded.
Blork the orc gestures wildly while chanting.
Blork the orc seems to speed up.
The goblin completely misses you.
You hit Blork the orc.
Blork the orc is heavily wounded.
You closely miss the goblin.
Blork the orc hits you with a +0 dire flail!
Blork the orc suddenly grunts.
Blork the orc drinks a potion.
Blork the orc is healed!
The goblin hits you but does no damage.
You hit Blork the orc.
Blork the orc is lightly wounded.
You slash the goblin!
You kill the goblin!
Blork the orc hits you with a +0 dire flail.
Blork the orc hits you with a +0 dire flail!
You hit Blork the orc but do no damage.
Blork the orc is lightly wounded.
Blork the orc hits you with a +0 dire flail.
Blork the orc hits you but does no damage.
Unknown command.
You slash Blork the orc!
Blork the orc is moderately wounded.
Blork the orc barely misses you.
Blork the orc hits you with a +0 dire flail!
* * * LOW HITPOINT WARNING * * *
You barely miss Blork the orc.
Blork the orc is moderately wounded.
Blork the orc gestures at you while chanting.
You block the puff of flame.
Blork the orc hits you with a +0 dire flail!
You die...

................#
.................
....[.........(..
.................
................
...............
......)..).###
#...o@)..#⌠##
#.........††##
...........#⌠..##
..#.####...##...##
# # ##...##..⌠#
### ###..#.<.#
....# .##..⌠#
#.#.# ##...## .
#.#.# ###⌠..##


You could see Blork the orc (fast).

Vanquished Creatures
  A howler monkey (D:3)
  A hound skeleton (D:4)
  2 adders
  5 orcs
  8 bats
  4 endoplasms
  3 giant cockroaches
  4 goblins
  2 hobgoblins
  14 jackals
  3 kobolds
  A quokka (D:1)
  8 ball pythons
  2 frilled lizards (D:3)
  6 rats
64 creatures vanquished.

Vanquished Creatures (others)
  3 plants (D:2)
3 creatures vanquished.

Grand Total: 67 creatures vanquished

Notes
Turn   | Place    | Note
-------+----------+-------------------------------------------
     0 | D:1      | bande the Gargoyle Fighter began the quest for the Orb.
     0 | D:1      | Reached XP level 1. HP: 14/14 MP: 1/1
   194 | D:1      | Reached XP level 2. HP: 19/19 MP: 2/2
   500 | D:1      | Reached XP level 3. HP: 24/24 MP: 3/3
   928 | D:2      | Found a faded altar of an unknown god.
  1769 | D:3      | Found a shimmering blue altar of Sif Muna.
  1905 | D:3      | Reached XP level 4. HP: 29/29 MP: 4/4
  2400 | D:3      | Reached XP level 5. HP: 33/33 MP: 5/5
  2770 | D:4      | Noticed Blork the orc
  2782 | D:4      | Slain by Blork the orc

Illustrated notes

Levels and vault maps discovered:
D:1:      scummos_arrival_gate, layout_rooms, kennysheep_another_room,
          kennysheep_boxes
D:2:      layout_rooms, serial_forest, infiniplex_forest_lined_1,
          infiniplex_forest_clump_curved, infiniplex_forest_fountain,
          infiniplex_forest_clump_long, infiniplex_forest_clump_long,
          infiniplex_forest_end_1, infiniplex_forest_straight_3,
          infiniplex_forest_clump_small, shapermc_ecumenical_altar_acropolis,
          minmay_misc_feat_secret_circle, amcnicky_mini_rare_corridor_liquid,
          chequers_serial_rivers_micro_c
D:3:      layout_loops_corners, mainiacjoe_overflow_24_doors
D:4:      layout_rooms, cheibrodos_sewer_entry_bend, grunt_ministairs_8,
          uniq_blork_the_orc, uniq_menkaure

Skill      XL: |  1  2  3  4 |
---------------+-------------+-----
Axes           | 2 3 |  3.4
Fighting       | 4 |  4.0
Armour         | 4 |  4.1
Shields        | |  3.8

Action                   |  1- 3 |  4- 6 || total
-------------------------+-------+-------++-------
Melee: War axe           |   142 |    62 ||   204
  Use: Scroll            |     6 |     1 ||     7
Armor: Scale mail        |   106 |    50 ||   156
Dodge: Dodged            |    98 |    51 ||   149
Block: Buckler           |    30 |    18 ||    48

Table legend: (Time is in decaauts)
 A = Elapsed time spent in this place.
 B = Non-inter-level travel time spent in this place.
 C = Inter-level travel time spent in this place.
 D = Time resting spent in this place.
 E = Time spent auto-exploring this place.
 F = Levels seen in this place.
 G = Mean time per level.
                   A        B        C        D        E       F      G
               +--------+--------+--------+--------+--------+-----+--------+
         Total |   2863 |   2828 |     35 |    294 |   1821 |   4 |  715.8 |
       Dungeon |   2863 |   2828 |     35 |    294 |   1821 |   4 |  715.8 |
               +--------+--------+--------+--------+--------+-----+--------+

Top non-repeatable levels by time:
     D:2: 1046 daAuts
     D:3: 985 daAuts
     D:1: 736 daAuts
     D:4: 95 daAuts
